 Dungeon Crawl Stone Soup version 0.24.1-4-ge52af88ad5 (webtiles) character file.

Game seed: 3342846607583131651, levelgen mode: deterministic

445 vs12 the Digger (level 6, -8/45 HPs)
             Began as a Demigod Earth Elementalist on Apr 17, 2020.
             Mangled by Edmund
             ... wielding a +6 flail of venom
              (11 damage)
             ... on level 3 of the Dungeon.
             The game lasted 01:11:49 (3606 turns).

vs12 the Digger (Demigod Earth Elementalist)        Turns: 3606, Time: 01:11:49

Health: -8/45      AC:  5    Str: 11    XL:     6   Next: 43%
Magic:  12/15      EV: 13    Int: 23    God:
Gold:   42         SH:  0    Dex: 20    Spells: 7/13 levels left

rFire    . . .     SeeInvis .   y - +1 short sword
rCold    . . .     Gourm    .   (no shield)
rNeg     . . .     Faith    .   c - +0 robe
rPois    .         Spirit   .   (no helmet)
rElec    .         Reflect  .   G - +0 cloak
rCorr    .         Harm     .   (no gloves)
MR       .....                  A - +1 pair of boots
Stlth    +.........             D - amulet of regeneration
HPRegen  0.55/turn              l - +4 ring of dexterity
MPRegen  0.14/turn              J - ring of attention (curse)

@: lethally poisoned (-8 -> -24)
A: high mp 1
a: no special abilities


You were on level 3 of the Dungeon.
You were not hungry.

You visited 1 branch of the dungeon, and saw 4 of its levels.

You collected 186 gold pieces.
You spent 144 gold pieces at shops.

Inventory:

Hand Weapons
 g - a +0 club
 i - a +0 falchion of electrocution
 j - a +0 dagger
 n - a +0 hand axe
 s - a +0 dagger
 u - a +0 quarterstaff
 y - a +1 short sword (weapon)
 I - a +0 hand axe
 K - a +0 hunting sling
Missiles
 b - 27 stones (quivered)
 e - 20 poisoned darts
 h - 48 arrows
 m - 20 sling bullets
 w - 17 bolts
 z - 3 boomerangs
Armour
 c - a +0 robe (worn)
 r - a +0 robe
 A - a +1 pair of boots (worn)
 B - a +0 robe
 C - a +0 robe
 G - a +0 cloak (worn)
 O - a +0 leather armour
Jewellery
 l - a +4 ring of dexterity (left hand)
 D - an amulet of regeneration (around neck)
 J - a cursed ring of attention (right hand)
Scrolls
 k - 2 scrolls of teleportation
 p - a scroll of noise
 q - a scroll of amnesia
Potions
 a - a potion of mutation {unknown}
 f - 2 potions of cancellation {unknown}
 o - a potion of ambrosia {unknown}
 t - 4 potions of curing
 F - a potion of heal wounds {unknown}
 H - 2 potions of lignification {unknown}
Comestibles
 d - 6 rations


   Skills:
 + Level 0.3 Fighting
 + Level 0.5 Short Blades
 + Level 2.2 Dodging
 + Level 2.5 Stealth
 + Level 4.2 Spellcasting
 + Level 0.8 Transmutations
 + Level 4.8 Earth Magic


You had 7 spell levels left.
You knew the following spells:

 Your Spells              Type           Power        Failure   Level  Hunger
a - Sandblast             Erth           ####..       1%          1    None
b - Passwall              Tmut/Erth      ###.....     4%          2    #......
c - Stone Arrow           Conj/Erth      ###...       12%         3    ##.....

Your spell library contained the following spells:

 Spells                   Type           Power        Failure   Level  Hunger
 Petrify                  Tmut/Erth      ###.....     30%         4    ####...
 Lee's Rapid Deconstruct  Erth           ####......   36%         5    ######.


Dungeon Overview and Level Annotations

Branches:
Dungeon (4/15)
 Temple: D:4-7

Shops:
D:4 *

Annotations:
D:3 Edmund


Innate Abilities, Weirdness & Mutations

You have an increased reservoir of magic. (+10% MP)


Message History

The blast of sand hits Edmund but does no damage.
Edmund is severely wounded.
b - 27 stones
* * * LOW HITPOINT WARNING * * *
You feel very sick.
Edmund hits you with a +6 flail of venom.
* * * LOW HITPOINT WARNING * * *
You are more poisoned.
You can't go down here!
* * * LOW HITPOINT WARNING * * *
You feel very sick. Edmund barely misses you.
You climb upwards.
* * * LOW HITPOINT WARNING * * *
You feel very sick.
There is a stone staircase leading down here.
* * * LOW HITPOINT WARNING * * *
You feel very sick.
Edmund hits you with a +6 flail of venom!
You die...

.##.)>.....#..##....##.......<#
....#......##.##..............#
....#).....##.#.....##........#
.)..............#..###........#
.###...............##.........#
## #...............##...#######
# ##..>............#..## #
#.................##
#####...........@@....#
.................>..#.#
####.............#..#.#### #
##...........###......##
###.............#.##..## ###
#..........###........# ..#
#...........##......#.## ..#
#............#......#..###
..####..........#.#......##...#


You could see Edmund.

Vanquished Creatures
  A phantom (D:4)
  A howler monkey (D:4)
  An orc wizard (D:4)
  3 orc priests
  A hound (D:4)
  A worker ant (D:4)
  5 adders
  4 worms
  4 dart slugs (D:3)
  2 leopard geckos
  8 orcs
  12 goblins
  7 hobgoblins
  3 kobolds
  3 quokkas
  2 ball pythons
  9 bats
  A leopard gecko skeleton (D:4)
  8 rats
76 creatures vanquished.

Notes
Turn   | Place    | Note
-------+----------+-------------------------------------------
     0 | D:1      | vs12 the Demigod Earth Elementalist began the quest for the
                  | Orb.
     0 | D:1      | Reached XP level 1. HP: 14/14 MP: 5/5
   647 | D:1      | Reached XP level 2. HP: 20/20 MP: 4/7
  1166 | D:2      | Reached XP level 3. HP: 26/26 MP: 0/9
  1953 | D:3      | Reached XP level 4. HP: 33/33 MP: 7/10
  2497 | D:3      | Found a white marble altar of Elyvilon.
  2531 | D:3      | Learned a level 2 spell: Passwall
  2535 | D:3      | Learned a level 3 spell: Stone Arrow
  2666 | D:4      | Reached XP level 5. HP: 38/38 MP: 5/12
  2685 | D:4      | Noticed Edmund
  3107 | D:4      | Reached XP level 6. HP: 45/45 MP: 9/15
  3377 | D:4      | Found Coofo's Assorted Antiques.
  3390 | D:4      | Bought a scroll of identify for 48 gold pieces
  3390 | D:4      | Bought a scroll of identify for 48 gold pieces
  3390 | D:4      | Bought a leather armour for 48 gold pieces
  3606 | D:3      | Mangled by Edmund

Levels and vault maps discovered:
D:1:      lemuel_arrival_broad_hall, layout_basic
D:2:      layout_basic
D:3:      layout_rooms, old_standard_altar, minmay_unequal
D:4:      layout_rooms, serial_shops, shop, uniq_edmund

Skill      XL: |  1  2  3  4  5  6 |
---------------+-------------------+-----
Earth Magic    | 3 4 |  4.8
Spellcasting   | 2 3 4 |  4.2
Stealth        | 2 |  2.5
Dodging        | 2 |  2.2
Fighting       | |  0.3
Short Blades   | |  0.5
Transmutations | |  0.8

Action                   |  1- 3 |  4- 6 || total
-------------------------+-------+-------++-------
Melee: Short sword       |       |    25 ||    25
 Cast: Sandblast         |    67 |    88 ||   155
       Stone Arrow       |       |     2 ||     2
  Use: Scroll            |       |     9 ||     9
       Potion            |       |     1 ||     1
  Eat: Chunk             |     2 |       ||     2
       Ration            |     1 |     1 ||     2
Armor: Robe              |     1 |    12 ||    13
Dodge: Dodged            |    21 |    45 ||    66
